[Event "Live Chess"]
[Site "Chess.com"]
[Date "2023.05.21"]
[Round "-"]
[White "hturner40"]
[Black "KeithArkell"]
[Result "0-1"]
[WhiteElo "1775"]
[BlackElo "2555"]
[TimeControl "300"]
[EndTime "0:25:20 PDT"]
[Termination "KeithArkell won on time"]

1. Nf3 Nf6 2. g3 b5 3. Bg2 Bb7 4. O-O e6 5. d3 d5 6. Nbd2 Nbd7 7.
Qe1 Nc5 8. b3 b4 9. Bb2 Be7 10.
Ne5 O-O 11. e4 a5 12. f4 a4 13. Rb1 axb3 14. axb3 Ra2 15. g4 dxe4 16. Nxe4 Ncxe4 17. Ba1 Nd6 18. Bxb7 Nxb7 19. g5 Nh5 20. Qh4 g6 21.
Ng4 Rxa1 22. Rxa1 Qd5 23. Nh6+ Kg7 24. Ng4 Bc5+ 25. Nf2 Qf3 26. Rae1 Nxf4 0-1

[Event "Live Chess"]
[Site "Chess.com"]
[Date "2023.05.21"]
[Round "-"]
[White "Biranidun"]
[Black "HoarseyHorsey"]
[Result "1-0"]
[WhiteElo "2536"]
[BlackElo "1444"]
[TimeControl "300"]
[EndTime "0:25:29 PDT"]
[Termination "Biranidun won by resignation"]

1. e4 c5 2. Nf3 e6 3. d4 cxd4 4. Nxd4 Nf6 5. Nc3 Nc6 6. Nxc6 bxc6 7. e5 Nd5 8. Ne4 Be7 9. c4 Nb6 10. Nd6+ Bxd6 11. Qxd6 Qe7 12. Qxe7+ Kxe7 13. b3 Rd8 14. a4 d6 15. a5 Nd7 16. exd6+ Kxd6 17. Ba3+ c5 18. O-O-O+ Kc6 19. Bd3 g6 20. Be4+ Kc7 21.
Bxa8 Bb7 22. Bxb7 Kxb7 23. Bxc5 a6 24. Bb6 1-0

[Event "Live Chess"]
[Site "Chess.com"]
[Date "2023.05.21"]
[Round "-"]
[White "Supertromp"]
[Black "ProfPoisson"]
[Result "1-0"]
[WhiteElo "2119"]
[BlackElo "1189"]
[TimeControl "300"]
[EndTime "0:25:34 PDT"]
[Termination "Supertromp won by resignation"]

1. Nf3 f5 2. g3 d6 3. Bg2 e5 4. O-O Nf6 5. d3 Be7 6. c4 O-O 7. Nc3 a5 8. b3 Qe8 9. Bb2 Nc6 10. Nd5 Nxd5 11. cxd5 Nd4 12. Nxd4 exd4 13. Bxd4 f4 14. Rc1 fxg3 15. fxg3 Rxf1+ 16. Qxf1 c6 17. dxc6 bxc6 18. Bxc6 Qh5 19. Bxa8 Bh3 20. Bg2 Bxg2 21. Qxg2 Qg5 22. Qd5+ Qxd5 23. Be3 a4 24. Rc4 axb3 25. axb3 Bg5 26.
Bxg5 Qxg5 27. b4 Qe3+ 28. Kf1 h5 29. Re4 Qc1+ 30. Kf2 Kf7 31. Rc4 Qg5 32. h4 Qd5 33. Re4 Qb7 34. Ke3 d5 35. Rf4+ Ke6 36. Kd2 Ke5 37.
Ke3 Qb6+ 38. Kf3 d4 39. e3 Qc6+ 40. Re4+ Kf5 41. exd4 g5 42. hxg5 Kxg5 43. b5 Qxb5 44. Re5+ Qxe5 45. dxe5 Kf5 46. d4 Ke6 47. Ke4 Kd7 48.
d5 1-0

[Event "Live Chess"]
[Site "Chess.com"]
[Date "2023.05.21"]
[Round "-"]
[White "toxic_rabbit"]
[Black "quantum_void"]
[Result "1-0"]
[WhiteElo "1983"]
[BlackElo "1472"]
[TimeControl "300"]
[EndTime "0:26:09 PDT"]
[Termination "toxic_rabbit won by resignation"]

1. e4 e6 2. d4 d5 3. exd5 exd5 4.
Nf3 Bd6 5. Bd3 Ne7 6. O-O h6 7. c4 O-O 8. c5 Bxc5 9. dxc5 c6 10.
Re1 Re8 11. Nc3 Bf5 12. Bxf5 Nxf5 13. Rxe8+ Qxe8 14. Bf4 Nd7 15. Bd6 Nxd6 16. cxd6 Qe6 17. Qb3 Qxd6 18. Qxb7 Rb8 19. Qxa7 Rxb2 20. Rd1 Nb6 21.
Na4 Qb4 22. Nxb2 1-0

[Event "Live Chess"]
[Site "Chess.com"]
[Date "2023.05.21"]
[Round "-"]
[White "raimundklein"]
[Black "Ian-Morley"]
[Result "1-0"]
[WhiteElo "1752"]
[BlackElo "1068"]
[TimeControl "300"]
[EndTime "0:26:28 PDT"]
[Termination "raimundklein won by resignation"]

1. e4 d5 2. exd5 Qxd5 3. Nc3 Qa5 4. d4 c6 5. Bc4 Nf6 6. h3 b5 7. Bb3 Nbd7 8. Nf3 Nd5 9. Bd2 Nxc3 10. Bxc3 b4 11. Bd2 Qb6 12. Qe2 a5 13. Ng5 e6 14.
Nxe6 fxe6 15. Qxe6+ Be7 16. Qf7+ Kd8 17. c3 Kc7 18.
Qxe7 Bb7 19. Bf4+ Kc8 20. Be6 Qd8 21. Qxd8+ Kxd8 22. O-O Nf6 23. Rfe1 Nd5 24. Bd2 Bc8 25. Bxc8 Rxc8 26. c4 Nf6 27. Rad1 Kc7 28. Bf4+ Kb7 29. Re7+ Ka8 30. Rxg7 Rhg8 31. Rf7 Ne4 32. f3 Rgf8 33.
Rxf8 Rxf8 34. Be5 Ng5 35. Kh2 h5 36. h4 Nf7 37. f4 Nxe5 38. fxe5 Rf2 39. Re1 Rxb2 40. e6 Rf2 41. e7 1-0

[Event "Live Chess"]
[Site "Chess.com"]
[Date "2023.05.21"]
[Round "-"]
[White "Vitalii18a"]
[Black "WelshTiger"]
[Result "0-1"]
[WhiteElo "1109"]
[BlackElo "2358"]
[TimeControl "300"]
[EndTime "0:26:38 PDT"]
[Termination "WelshTiger won on time"]

1. e4 c5 2. c3 Nf6 3. Bd3 e5 4.
Bc2 Nc6 5. Nf3 d5 6. d3 Be7 7.
O-O O-O 8. Bg5 d4 9. cxd4 cxd4 10. Na3 h6 11. Bh4 Bxa3 12. bxa3 Qd6 13. h3 Nh5 14. Nh2 Nf4 15. Bg3 Ng6 16. Ng4 Qxa3 17. Bb3 Qe7 18. f4 exf4 19. Bxf4 Be6 20. Bg3 Bxb3 21. Qxb3 Rad8 22. Rab1 b6 23. Qc4 Na5 24. Qb5 Nb7 25. Rb2 Nc5 26. Rbf2 Qd7 27. Qc4 Qe6 28. Bc7 Rd7 29. Bg3 Qxc4 30. dxc4 Nxe4 31. Rf3 Nd2 32. Rd3 Nxf1 33. Kxf1 Re8 34. Nh2 Ne5 35. Bxe5 Rxe5 36. Nf3 Re4 37. Kf2 f5 38. g4 g6 0-1

[Event "Live Chess"]
[Site "Chess.com"]
[Date "2023.05.21"]
[Round "-"]
[White "MJMykh"]
[Black "LutherSullivan"]
[Result "0-1"]
[WhiteElo "1083"]
[BlackElo "2125"]
[TimeControl "300"]
[EndTime "0:26:43 PDT"]
[Termination "LutherSullivan won by resignation"]

1. e4 e5 2. Nf3 Nc6 3. Nc3 Nf6 4. Bc4 Nxe4 5. Nxe4 d5 6. Bd3 dxe4 7. Bxe4 Bd6 8.
Bxc6+ bxc6 9. O-O O-O 10. h3 e4 11. Ne1 Qh4 12. f3 Qg3 13. fxe4 Qh2+ 14. Kf2 Bxh3 15. Qf3 Bc5+ 16. Ke2 Bxg2 0-1

[Event "Live Chess"]
[Site "Chess.com"]
[Date "2023.05.21"]
[Round "-"]
[White "diana21strabt"]
[Black "chessfiction"]
[Result "0-1"]
[WhiteElo "1708"]
[BlackElo "2352"]
[TimeControl "300"]
[EndTime "0:26:51 PDT"]
[Termination "chessfiction won by resignation"]

1. e4 d5 2. exd5 c6 3. dxc6 e5 4. cxb7 Bxb7 5. Bb5+ Nc6 6. Nf3 Bc5 7. O-O Ne7 8. Nxe5 O-O 9. Bxc6 Nxc6 10. Nxc6 Bxc6 11.
Nc3 Qg5 12. g3 Qf5 13. d3 Bf3 14. Qd2 Qh3 0-1

[Event "Live Chess"]
[Site "Chess.com"]
[Date "2023.05.21"]
[Round "-"]
[White "ZombieChainsaw"]
[Black "EdenHazard8"]
[Result "1-0"]
[WhiteElo "1873"]
[BlackElo "1948"]
[TimeControl "300"]
[EndTime "0:27:09 PDT"]
[Termination "ZombieChainsaw won by resignation"]

1. e4 e5 2. Nc3 Nc6 3. g3 Bc5 4. Bg2 d6 5. Na4 Bb6 6. Nxb6 axb6 7. Ne2 f5 8. d3 Nf6 9. O-O O-O 10. Bg5 f4 11.
gxf4 Qe8 12. Bxf6 Rxf6 13. f5 g6 14. Ng3 gxf5 15. Nxf5 Bxf5 16. exf5 Rxf5 17. Qg4+ Qg6 18. Qxg6+ hxg6 19. Be4 Rg5+ 20. Kh1 Kg7 21. a3 Rh8 22. Rg1 Rgh5 23. Rxg6+ Kf7 24. Rg2 Nd4 25. Bg6+ Kf6 26. Bxh5 Rxh5 1-0

[Event "Live Chess"]
[Site "Chess.com"]
[Date "2023.05.21"]
[Round "-"]
[White "Singapourfeuj"]
[Black "AttackingSnowLeopard"]
[Result "0-1"]
[WhiteElo "2216"]
[BlackElo "2207"]
[TimeControl "300"]
[EndTime "0:27:15 PDT"]
[Termination "AttackingSnowLeopard won by resignation"]

1. d4 d5 2. Nf3 Nf6 3. g3 Bf5 4.
Bg2 e6 5. O-O Be7 6. c4 O-O 7.
Nh4 Bxb1 8. Rxb1 c6 9. cxd5 cxd5 10. Nf3 Nc6 11. Bf4 Qb6 12. e3 Rac8 13. a3 Na5 14. Ne5 Bd6 15. Bg5 Ne4 16. Bxe4 dxe4 17.
Nd7 Qb5 18. Nxf8 Qxg5 19. h4 Qb5 20. b4 Nc4 21. a4 Qe8 22. Nxe6 Qxe6 23. Rc1 a6 24.
Qb3 b5 25. axb5 axb5 26. Rfd1 h5 27. d5 Qg4 28. Rd4 Bxg3 29. fxg3 Qxg3+ 30. Kf1 Nxe3+ 31. Ke2 Rxc1 32. Qxe3 Re1+ 33. Kd2 Qxe3+ 0-1

[Event "Live Chess"]
[Site "Chess.com"]
[Date "2023.05.21"]
[Round "-"]
[White "Crowded_House"]
[Black "Leonid_Starozhilov"]
[Result "0-1"]
[WhiteElo "1662"]
[BlackElo "2646"]
[TimeControl "300"]
[EndTime "0:27:21 PDT"]
[Termination "Leonid_Starozhilov won by resignation"]

1. d4 Nf6 2. Bg5 c5 3. c3 Qb6 4. Qb3 Nc6 5. Qxb6 axb6 6. dxc5 bxc5 7. Bxf6 gxf6 8. a3 d5 9. e3 e5 10. Bb5 Be6 11. Nf3 O-O-O 12. Bxc6 bxc6 13. O-O Rg8 14. g3 h5 15. Nh4 f5 16. f4 Be7 17. Nf3 e4 18. Ne5 Kc7 19. b4 f6 20. Nxc6 Kxc6 21. bxc5 Bxc5 22. Kf2 h4 23. Nd2 hxg3+ 24. hxg3 Rb8 25.
Rab1 Rh8 26. Rh1 Rxh1 27. Rxh1 Rb2 28. Ke2 Bxa3 29. Rh6 Kd7 30. Rxf6 Rc2 31. Kd1 Rxc3 32. Nb1 Rd3+ 33. Kc2 Bb4 34. Rg6 d4 35. exd4 Rxd4 36. Rg7+ Kd6 37. Rb7 e3 38. Rb6+ Ke7 39. Rb7+ Kf6 40.
Nc3 Bxc3 41. Rc7 e2 42. Rxc3 e1=Q 0-1

[Event "Live Chess"]
[Site "Chess.com"]
[Date "2023.05.21"]
[Round "-"]
[White "chessleanstrategist"]
[Black "Ferrarifan27"]
[Result "0-1"]
[WhiteElo "407"]
[BlackElo "2074"]
[TimeControl "300"]
[EndTime "0:27:54 PDT"]
[Termination "Ferrarifan27 won by resignation"]

1. c4 Nf6 2. Nf3 e6 3. Nc3 Bb4 4. g3 O-O 5. Bg2 Nc6 6. d4 Bxc3+ 7.
bxc3 d6 8. O-O Qe7 9. e3 e5 10. Re1 Bg4 11. a3 e4 12. d5 Ne5 13. Qb3 Nxf3+ 14.
Bxf3 Bxf3 15. Qxb7 Qd7 16. Bb2 Qh3 0-1

[Event "Live Chess"]
[Site "Chess.com"]
[Date "2023.05.21"]
[Round "-"]
[White "f4nomore"]
[Black "friarnator"]
[Result "0-1"]
[WhiteElo "1415"]
[BlackElo "2000"]
[TimeControl "300"]
[EndTime "0:28:03 PDT"]
[Termination "friarnator won on time"]

1. d4 Nf6 2. Bg5 Ne4 3. Bh4 c5 4. c3 Qb6 5. Nf3 Qxb2 6. Qd3 d5 7. dxc5 Qxa1 8. Nd2 Qxa2 9. Qb5+ Nc6 10. f3 Nxc3 11.
Nxc3 Qa1+ 12. Nd1 a6 13. Qd3 e6 14. g4 Bxc5 15. e3 O-O 16. Be2 Nb4 17. Qc3 Qxc3 18.
Nxc3 Bxe3 19. Bf2 Bc5 20. Bxc5 Kh8 21. Bxf8 Bd7 22. Bxb4 b5 23. O-O a5 24. Ba3 b4 25.
Bxb4 axb4 26. Nd1 Ra2 27. Nb3 Rxe2 28. Nc5 Bb5 29. Nf2 h6 30. Rb1 Rc2 31. Nfd3 Rc3 32.
Rxb4 Bxd3 33. Rb8+ Kh7 34. Nd7 g6 35. Ne5 f6 36.
Rb7+ Kg8 37. Rb8+ Kg7 38. Rb7+ Kf8 0-1

[Event "Live Chess"]
[Site "Chess.com"]
[Date "2023.05.21"]
[Round "-"]
[White "Tushinskiy"]
[Black "BostonStrangler"]
[Result "1-0"]
[WhiteElo "2181"]
[BlackElo "2057"]
[TimeControl "300"]
[EndTime "0:28:26 PDT"]
[Termination "Tushinskiy won on time"]

1. d4 Nf6 2. c3 g6 3. Nf3 Bg7 4. Bf4 d6 5. Bg3 O-O 6. Nbd2 Nc6 7. e4 e5 8. dxe5 dxe5 9. Qc2 Qe7 10. Be2 Nh5 11.
O-O Nf4 12. Bxf4 exf4 13. h3 h6 14. Rfe1 g5 15. Nh2 f5 16. exf5 Bxf5 17. Bc4+ Kh8 18. Rxe7 Bxc2 19. Rxc7 Rad8 20. Ndf3 Ne5 21. Nxe5 Bxe5 22.
Rxb7 Rb8 23. Rxb8 Rxb8 24. Nf3 Bf6 25. b3 Rd8 26. Rc1 Rd1+ 27. Rxd1 Bxd1 28. Nd4 Kg7 29. Kf1 Bxd4 30. cxd4 Kf6 31. Ke1 Bc2 32. Kd2 Bb1 33. a4 Be4 34. f3 Bf5 35. Kc3 h5 36. b4 g4 37. hxg4 hxg4 38. b5 g3 39. Kb4 Bc8 40. Kc5 Bb7 41. d5 Ke5 42. Bd3 Bxd5 43. Bf1 Bb7 44. a5 Bd5 45. a6 Ba8 46. b6 axb6+ 47. Kxb6 Kd4 48. a7 Ke3 49. Bb5 Kf2 50. Bc6 Kxg2 51.
Bxa8 Kh2 52. Be4 g2 53. a8=Q g1=Q+ 54. Kc7 Qg7+ 55. Kb8 Qf8+ 56. Ka7 Qa3+ 57. Kb7 Qe7+ 58. Kc6 Qf6+ 59. Kd5 Qg5+ 60. Kc4 Kg3 61. Qd5 Qe7 62. Qc6 Qe5 63. Qg6+ Kf2 64. Qb6+ Kg3 65. Qg1+ Kh3 66. Qd4 Qc7+ 67. Qc5 Qf7+ 68. Kd4 Qf6+ 69. Qe5 Qh4 70. Qf5+ Kg3 71. Qg6+ Kf2 72. Qb6 Kg3 73. Kd3 1-0

[Event "Live Chess"]
[Site "Chess.com"]
[Date "2023.05.21"]
[Round "-"]
[White "tpm07"]
[Black "Biranidun"]
[Result "0-1"]
[WhiteElo "1925"]
[BlackElo "2537"]
[TimeControl "300"]
[EndTime "0:28:30 PDT"]
[Termination "Biranidun won by resignation"]

1. d4 Nf6 2. Nf3 g6 3. c4 Bg7 4.
Nc3 O-O 5. e4 d6 6. Be2 e5 7. d5 a5 8. Bg5 h6 9. Bh4 Na6 10. O-O Bd7 11. b3 Nc5 12. Nd2 Nfxe4 13. Bxd8 Nxc3 14. Qe1 Raxd8 15. Rc1 e4 16. a3 Rfe8 17.
b4 axb4 18. axb4 Nd3 19. Bxd3 exd3 20. Ne4 Rxe4 0-1

[Event "Live Chess"]
[Site "Chess.com"]
[Date "2023.05.21"]
[Round "-"]
[White "NomisY"]
[Black "TKDRyan"]
[Result "1-0"]
[WhiteElo "1550"]
[BlackElo "1140"]
[TimeControl "300"]
[EndTime "0:28:33 PDT"]
[Termination "NomisY won on time"]

1. d4 d5 2. c4 Nf6 3. cxd5 Nxd5 4. e4 Nb6 5. Nc3 Nc6 6. Be3 e6 7. Nf3 Bb4 8. Be2 O-O 9. O-O a6 10. a3 Bxc3 11. bxc3 Nd7 12. a4 a5 13. Bg5 f6 14.
Be3 b6 15. Qb3 Qe7 16. Bc4 Nd8 17. Rfe1 Kh8 18. Qc2 Bb7 19. Rad1 Nf7 20. Ba2 h6 21. Nh4 Qa3 22. Ng6+ Kg8 23. Nxf8 Rxf8 24. Bxe6 Kh8 25.
Bxd7 Ng5 26. f3 Qe7 27. Bb5 c6 28. Bd3 c5 29. d5 Qd6 30. Bxg5 fxg5 31. e5 Qxd5 32. Be4 Qf7 33. Bxb7 Qxb7 34. e6 Re8 35. Rd7 Qc6 36. Qf5 c4 37. Qf7 Rg8 38. Red1 Qxa4 39. e7 Qc6 40. Rd8 Qc5+ 41. Kh1 1-0

[Event "Live Chess"]
[Site "Chess.com"]
[Date "2023.05.21"]
[Round "-"]
[White "Mikhail_Golubev"]
[Black "Duke_of_Bebington"]
[Result "1-0"]
[WhiteElo "2472"]
[BlackElo "1588"]
[TimeControl "300"]
[EndTime "0:28:46 PDT"]
[Termination "Mikhail_Golubev won by resignation"]

1. Na3 e5 2. Nc4 Nc6 3. e4 Nf6 4. d3 b5 5. Ne3 Bb7 6. Nf3 Bc5 7. Be2 O-O 8. O-O d6 9. c3 Bb6 10. Nf5 Bc8 11. Ng3 Ne7 12. d4 Ng6 13. dxe5 Nxe5 14.
Nxe5 dxe5 15. Bxb5 Qxd1 16. Rxd1 Bb7 17. Re1 Rfd8 18.
h3 Rd6 19. a4 a5 20. Nf5 Rdd8 21. Ng3 Rd6 22. Be3 Bxe3 23. Rxe3 Rad8 24. Rae1 Rd2 25.
R3e2 Kf8 26. f3 Ra8 27. Rxd2 1-0

[Event "Live Chess"]
[Site "Chess.com"]
[Date "2023.05.21"]
[Round "-"]
[White "quantum_void"]
[Black "LutherSullivan"]
[Result "0-1"]
[WhiteElo "1472"]
[BlackElo "2125"]
[TimeControl "300"]
[EndTime "0:29:06 PDT"]
[Termination "LutherSullivan won by resignation"]

1. e4 e5 2. Nf3 Nc6 3. Bb5 a6 4. Ba4 Nf6 5. O-O Be7 6. Re1 b5 7. Bb3 O-O 8. d3 h6 9. h3 d6 10.
Be3 Re8 11. c3 Bf8 12. Nbd2 Ne7 13. Nh4 d5 14. Qf3 Be6 15. Nf5 dxe4 16. Nxe7+ Qxe7 17. Bxe6 exf3 0-1

[Event "Live Chess"]
[Site "Chess.com"]
[Date "2023.05.21"]
[Round "-"]
[White "MaximKris"]
[Black "Rusty_Bridges"]
[Result "1-0"]
[WhiteElo "1837"]
[BlackElo "1546"]
[TimeControl "300"]
[EndTime "0:29:18 PDT"]
[Termination "MaximKris won by resignation"]

1. e4 d6 2. Nf3 Nf6 3. d4 Nbd7 4.
Nc3 e5 5. dxe5 dxe5 6. Bc4 h6 7.
O-O c6 8. Be3 Qc7 9. Qd2 Be7 10.
Rad1 b5 11. Bb3 b4 12. Ne2 Nxe4 13. Qc1 O-O 14. Rd3 Nec5 15. Bxc5 Nxc5 16. Re3 Nxb3 17.
cxb3 f6 18. Qc4+ Kh8 19. Rc1 c5 20. Nh4 Rd8 21. Ng6+ Kh7 22. Nxe7 Qxe7 23. Qe4+ f5 24. Qxa8 Bb7 25. Qxa7 Rd7 26. Qxc5 Qg5 27. Rg3 Qd2 28.
h3 Qxe2 29. Qxb4 f4 30. Rgc3 f3 31. Qg4 Rd1+ 32. Rxd1 Qxd1+ 33. Kh2 fxg2 34. Qxd1 1-0

[Event "Live Chess"]
[Site "Chess.com"]
[Date "2023.05.21"]
[Round "-"]
[White "Nazar_777"]
[Black "martynstanley"]
[Result "1-0"]
[WhiteElo "1590"]
[BlackElo "986"]
[TimeControl "300"]
[EndTime "0:29:25 PDT"]
[Termination "Nazar_777 won by checkmate"]

1. e3 e6 2. h4 d5 3. a3 c5 4. c4 Nc6 5. cxd5 Qxd5 6. Nf3 b6 7. Nc3 Qd7 8. Be2 Bb7 9. Qc2 O-O-O 10. b3 Nf6 11. Bb2 Nd5 12. Rc1 Nxc3 13. Bxc3 Rg8 14. Bb5 g6 15. Ne5 Qc7 16. Bxc6 Bxc6 17. Nxc6 Qxc6 18.
b4 Qxg2 19. Rf1 Bd6 20. bxc5 Bxc5 21. Bf6 Rd5 22. d4 Qf3 23. Be5 f6 24. Bf4 g5 25.
hxg5 fxg5 26. Bg3 h5 27. dxc5 Rxc5 28. Qd2 Qc6 29. Rxc5 Qxc5 30. Ke2 Qc4+ 31. Qd3 Qa2+ 32. Qd2 Qxa3 33. Rc1+ Kb7 34. Rc7+ Ka6 35. Qd3+ b5 36. Qxa3+ Kb6 37. Qxa7# 1-0

[Event "Live Chess"]
[Site "Chess.com"]
[Date "2023.05.21"]
[Round "-"]
[White "peter-785"]
[Black "tuppyglossop"]
[Result "0-1"]
[WhiteElo "1209"]
[BlackElo "1641"]
[TimeControl "300"]
[EndTime "0:29:41 PDT"]
[Termination "tuppyglossop won on time"]

1. e4 c5 2. Nf3 d6 3. Bc4 e6 4.
O-O Nf6 5. Nc3 a6 6. d4 cxd4 7. Nxd4 Nc6 8. Nxc6 bxc6 9. e5 Nd5 10. exd6 Bxd6 11.
Ne4 Bc7 12. Qf3 O-O 13. Rd1 Qe7 14. Bg5 f6 15. Bh4 Be5 16. c3 Rb8 17. Rab1 Kh8 18. Ng3 Nf4 19. Ne2 Ng6 20. Bg3 Bxg3 21. Qxg3 e5 22. Qf3 Bb7 23. Bb3 c5 24. Bd5 Bxd5 25. Rxd5 Rfd8 26. Rxd8+ Qxd8 27. h3 Nf8 28. Ng3 Ne6 29.
Qg4 Qe7 30. Nf5 Qf7 31. b3 Rd8 32. c4 g6 33. Ne3 Nd4 34. Nd5 h5 35. Qh4 g5 36.
Qe4 h4 37. Rc1 a5 38. Ra1 Rb8 39. Rb1 Kg7 40. Kf1 Qb7 0-1

[Event "Live Chess"]
[Site "Chess.com"]
[Date "2023.05.21"]
[Round "-"]
[White "toxic_rabbit"]
[Black "LiamClery2020"]
[Result "1/2-1/2"]
[WhiteElo "1984"]
[BlackElo "2031"]
[TimeControl "300"]
[EndTime "0:29:51 PDT"]
[Termination "Game drawn by repetition"]

1. e4 Nf6 2. e5 Nd5 3. c4 Nb6 4. d4 d6 5. exd6 cxd6 6. Nf3 g6 7. Nc3 Bg7 8. Be2 O-O 9. h3 Nc6 10. O-O e5 11. Be3 Re8 12. d5 Ne7 13. Re1 Nf5 14. g4 Nxe3 15. fxe3 h5 16. gxh5 Bxh3 17. hxg6 fxg6 18. Kh2 Bf5 19. Rg1 e4 20. Ng5 Be5+ 21. Kh1 Re7 22. Ncxe4 Rh7+ 23. Nxh7 Bxe4+ 24. Bf3 Qh4+ 25.
Kg2 Qh2+ 26. Kf1 Qh3+ 27. Bg2 Qf5+ 28. Ke2 Qg4+ 29. Kf1 Qf5+ 30. Ke2 Qh5+ 31. Kf1 Qf5+ 1/2-1/2

[Event "Live Chess"]
[Site "Chess.com"]
[Date "2023.05.21"]
[Round "-"]
[White "BostonStrangler"]
[Black "Biranidun"]
[Result "0-1"]
[WhiteElo "2056"]
[BlackElo "2538"]
[TimeControl "300"]
[EndTime "0:30:02 PDT"]
[Termination "Biranidun won by resignation"]

1. f3 e5 2. e4 Nf6 3. d4 exd4 4. Qxd4 Nc6 5. Qe3 Bb4+ 6. c3 Ba5 7. Bc4 O-O 8. Ne2 d5 9. exd5 Nxd5 10. Qg5 Qxg5 11.
Bxg5 Be6 12. Nd2 h6 13. Bh4 Ne3 14. Kf2 Nxc4 0-1

[Event "Live Chess"]
[Site "Chess.com"]
[Date "2023.05.21"]
[Round "-"]
[White "Jeffaroow"]
[Black "MarkLim1"]
[Result "0-1"]
[WhiteElo "518"]
[BlackElo "1683"]
[TimeControl "300"]
[EndTime "0:30:16 PDT"]
[Termination "MarkLim1 won by checkmate"]

1. e4 e6 2. d4 d5 3. Nc3 Nf6 4. Bd3 c5 5. Nf3 Nc6 6. Be3 cxd4 7. Nxd4 dxe4 8. Nxe4 Nxd4 9. Bxd4 Be7 10. Bxf6 Bxf6 11.
Nxf6+ Qxf6 12. Kf1 O-O 13. Qf3 Qxf3 14. gxf3 Bd7 15.
Rd1 Bc6 16. Be4 Rac8 17. Bxc6 Rxc6 18. c3 Rb6 19. b3 Ra6 20. a4 Rc6 21. c4 Rb6 22.
Rb1 Rd8 23. Kg2 Rd3 24. Rhd1 Rxd1 25. Rxd1 Kf8 26. Rd8+ Ke7 27. Ra8 a6 28. Rh8 h6 29.
c5 Rxb3 30. Rc8 Rb4 31. a5 Kf6 32. c6 bxc6 33. Rxc6 Ra4 34. Rxa6 g5 35. Ra8 Ke5 36.
a6 f5 37. a7 h5 38. h3 g4 39. fxg4 hxg4 40. hxg4 Rxg4+ 41. Kf3 Ra4 42. Ke3 Ra3+ 43.
Ke2 Kf4 44. f3 e5 45. Kf2 Ra2+ 46. Kf1 Kxf3 47. Ke1 e4 48. Kd1 f4 49. Ke1 e3 50.
Kf1 Ra1# 0-1

[Event "Live Chess"]
[Site "Chess.com"]
[Date "2023.05.21"]
[Round "-"]
[White "Tiltador"]
[Black "raminguy"]
[Result "0-1"]
[WhiteElo "761"]
[BlackElo "1935"]
[TimeControl "300"]
[EndTime "0:30:41 PDT"]
[Termination "raminguy won by checkmate"]

1. d4 d5 2. e3 Nf6 3. c3 c5 4. Bb5+ Bd7 5. Bxd7+ Nbxd7 6. dxc5 Nxc5 7. Nf3 e6 8. O-O Be7 9. b4 Ncd7 10. Nbd2 O-O 11.
Nb3 h6 12. Bb2 Rc8 13. Nbd4 e5 14. Nf5 Re8 15. Nxe7+ Qxe7 16. a3 Red8 17. Qe2 Ne4 18. Nd2 Nxc3 19. Bxc3 Rxc3 20. Nf3 Nf6 21. Rfc1 Rdc8 22.
h3 g6 23. Kh2 Kg7 24. Rxc3 Rxc3 25. b5 Qc7 26. a4 e4+ 27. g3 exf3 28. Qxf3 d4 29. Qf4 dxe3 30. Qxc7 Rxc7 31. fxe3 Rc2+ 32. Kh1 Ne4 33. g4 Re2 34. Ra3 Nf2+ 35. Kg2 Nd1+ 36. Kg3 Rxe3+ 37. Rxe3 Nxe3 38. h4 Nd5 39. g5 Nc3 40.
gxh6+ Kxh6 41. a5 Nxb5 42. Kg4 b6 43. axb6 axb6 44. Kf3 Nd6 45. Ke3 f5 46. Kf4 b5 47.
Ke5 Kh5 48. Kxd6 b4 49. Kc5 b3 50. Kc4 b2 51. Kd5 b1=R 52. Ke6 Re1+ 53. Kf6 f4 54.
Kg7 f3 55. Kf6 f2 56. Kg7 f1=Q 57. Kg8 Re8+ 58. Kg7 Qf8+ 59. Kh7 Qh8# 0-1

[Event "Live Chess"]
[Site "Chess.com"]
[Date "2023.05.21"]
[Round "-"]
[White "JohanKjeldahl"]
[Black "smoggyrabbit"]
[Result "1-0"]
[WhiteElo "1889"]
[BlackElo "1726"]
[TimeControl "300"]
[EndTime "0:30:43 PDT"]
[Termination "JohanKjeldahl won on time"]

1. c4 e6 2. Nc3 f5 3. d4 Nf6 4. g3 Bb4 5. Bd2 O-O 6. Bg2 d5 7. b3 c6 8. e3 Bxc3 9. Bxc3 Nbd7 10. Ne2 Ne4 11. O-O Ndf6 12. f3 Nxc3 13. Nxc3 Qe8 14. Qc2 e5 15. Rfe1 e4 16. cxd5 cxd5 17. a4 Bd7 18.
Rac1 Rc8 19. Qd2 a6 20. fxe4 fxe4 21. Rf1 b5 22. axb5 axb5 23. Ra1 b4 24. Ne2 Bb5 25. Rfc1 Qe7 26. Nf4 g5 27. Ne2 Bd3 28. Ra5 Rxc1+ 29. Nxc1 Ng4 30. Nxd3 exd3 31. Bxd5+ Kh8 32. Qxd3 Nxe3 33.
Bg2 Nxg2 34. Kxg2 Qe1 35. Re5 Rf2+ 36. Kh3 Qg1 37. Rxg5 Qxh2+ 38. Kg4 Rg2 39. Qf3 1-0

[Event "Live Chess"]
[Site "Chess.com"]
[Date "2023.05.21"]
[Round "-"]
[White "BillythekidFellowes"]
[Black "rmethornhill"]
[Result "0-1"]
[WhiteElo "2022"]
[BlackElo "1172"]
[TimeControl "300"]
[EndTime "0:30:47 PDT"]
[Termination "rmethornhill won by checkmate"]

1. e4 d5 2. Nf3 dxe4 3. Ng5 e5 4. Nxe4 Nc6 5. Nbc3 Nf6 6. d3 Bb4 7. Bg5 Be7 8.
Nxf6+ Bxf6 9. Bxf6 Qxf6 10. Be2 O-O 11. Bg4 Be6 12. Bxe6 fxe6 13. O-O Nd4 14. Ne4 Qg6 15.
c3 Nf5 16. Qb3 Rf7 17. f4 Raf8 18. g3 exf4 19. Rxf4 Ne3 20. Rf2 Rxf2 21. Nxf2 Qf5 22. Rf1 Nxf1 23. Qc2 Ne3 24. Qe2 Nd5 25. c4 Ne7 26.
Ne4 h6 27. b4 Nc6 28. g4 Qf4 29. Nd2 Nd4 30. Qe1 Nf3+ 31. Nxf3 Qxf3 32. Qxe6+ Kh8 33.
Qe1 Qxg4+ 34. Kh1 Qf3+ 35. Kg1 Qg4+ 36. Kh1 Qf3+ 37. Kg1 Rf6 38. Qe8+ Kh7 39. Qe4+ Rg6+ 40. Qxg6+ Kxg6 41. h4 Qxd3 42. Kh2 Qxc4 43. Kg3 Qxb4 44. a3 Qxa3+ 45. Kg4 Qc3 46. h5+ Kh7 47. Kh4 a6 48. Kg4 a5 49. Kh4 a4 50. Kg4 a3 51. Kh4 a2 52.
Kg4 a1=Q 53. Kf5 Qa6 54. Ke4 Qc5 55. Kf3 Qa4 56. Ke2 Qc3 57. Kf1 Qa2 58. Kg1 Qc1# 0-1

[Event "Live Chess"]
[Site "Chess.com"]
[Date "2023.05.21"]
[Round "-"]
[White "JoeRoot66"]
[Black "WilliamofOrange16th"]
[Result "0-1"]
[WhiteElo "1920"]
[BlackElo "1828"]
[TimeControl "300"]
[EndTime "0:31:03 PDT"]
[Termination "WilliamofOrange16th won by checkmate"]

1. e4 d6 2. Nf3 Nf6 3. Bd3 e5 4.
c3 Be7 5. Bc2 c5 6. d4 cxd4 7.
cxd4 Nbd7 8. O-O O-O 9. Nc3 b6 10. Qe2 Bb7 11. dxe5 dxe5 12. Bg5 a5 13. Rad1 Ba6 14.
Bd3 Bxd3 15. Rxd3 Qc7 16. Rfd1 Nc5 17. Bxf6 Bxf6 18. Nd5 Qd8 19. Nxf6+ Qxf6 20. Rd5 Rab8 21. a3 g6 22. b4 axb4 23. axb4 Ne6 24. Nxe5 Nf4 25.
Qa2 Nxd5 26. Nd7 Qc3 27. Qxd5 Rbd8 28. g3 Rfe8 29. Qg5 Kg7 30. e5 Qf3 31. Rd2 Qf5 32.
Qxf5 gxf5 33. Rd5 Re7 34. Nxb6 Rxd5 35. Nxd5 Rxe5 36. Nc3 Re1+ 37. Kg2 Rc1 38. Nd5 Rb1 39. Kf3 Rb2 40. h4 f6 41. Ke3 Kf7 42. f3 Ke6 43. Nc7+ Kd7 44. Na6 Kc6 45. Kf4 Rb3 46. Kxf5 Rxf3+ 47. Kg4 Ra3 48. Nc5 Kd6 49. Ne4+ Ke5 50.
Nc5 f5+ 51. Kh5 Rxg3 52. b5 f4 53. b6 f3 54. b7 Rg8 55. Kh6 Kd4 56. Ne6+ Ke3 57.
Kxh7 Rb8 58. Nc5 f2 59. Kg6 f1=Q 60. h5 Qg2+ 61. Kf7 Rxb7+ 62. Nxb7 Qxb7+ 63. Kg6 Kf4 64. h6 Qc6+ 65. Kg7 Qd7+ 66. Kg6 Qe6+ 67. Kg7 Kg5 68. h7 Qe7+ 69. Kg8 Kg6 70. h8=N+ Kf6 71. Nf7 Qxf7+ 72. Kh8 Qg7# 0-1

[Event "Live Chess"]
[Site "Chess.com"]
[Date "2023.05.21"]
[Round "-"]
[White "HoarseyHorsey"]
[Black "ProfPoisson"]
[Result "1-0"]
[WhiteElo "1447"]
[BlackElo "1186"]
[TimeControl "300"]
[EndTime "0:31:40 PDT"]
[Termination "HoarseyHorsey won by checkmate"]

1. d4 e6 2. c4 f5 3. Nc3 Nf6 4. Bg5 Bb4 5. e3 Bxc3+ 6. bxc3 O-O 7. h4 d6 8. Bd3 b6 9. f3 Qe8 10.
h5 Nxh5 11. Ne2 h6 12. Bh4 Qg6 13. Rg1 Nd7 14. Qc2 e5 15. e4 fxe4 16. Bxe4 Qf7 17. Bg6 Qe6 18. Bxh5 Nf6 19. Bg6 exd4 20. cxd4 Bb7 21.
O-O-O Qe3+ 22. Kb1 a5 23. Rge1 Qe7 24. Nc3 Qd7 25.
Bf5 Qd8 26. Ne4 Bxe4 27. Rxe4 g5 28. Bxg5 hxg5 29. Rh1 Nxe4 30. Qxe4 Qf6 31. Be6+ Kg7 32. Qh7# 1-0